 Dungeon Crawl Stone Soup version 0.17-b1-15-g0f5fb43 (webtiles) character file.

6889 Quarterback16 the Protected (level 11, 0/97 HPs)
             Began as a Hill Orc Fighter on Nov 7, 2015.
             Was a Priest of the Shining One.
             Succumbed to a spiny frog's poison
             ... on level 8 of the Dungeon.
             The game lasted 02:54:30 (17307 turns).

Quarterback16 the Protected (Hill Orc Fighter)     Turns: 17307, Time: 02:54:30

Health: 0/97       AC: 15    Str: 22    XL:     11   Next: 6%
Magic:  11/11      EV: 12    Int:  9    God:    the Shining One [***...]
Gold:   517        SH: 12    Dex: 15    Spells: 1 memorised, 6 levels left

rFire  + . .     SeeInvis .     h - +4 flail (holy)
rCold  x . .     Clarity  .     V - +1 plate armour
rNeg   + . .     SustAt   .     c - +0 shield
rPois  .         Gourm    +     (no helmet)
rElec  .         Spirit   .     (no cloak)
rCorr  .         Warding  .     (no gloves)
rMut   .         Stasis   .     (no boots)
MR     .....                    H - amulet of the gourmand
Stlth  ..........               t - ring of fire
                                p - ring of loudness

@: agile, lethally poisoned (0 -> -9), glowing, not resistant to hostile
enchantments, extremely unstealthy
A: no striking features
a: Divine Shield, Renounce Religion


You were on level 8 of the Dungeon.
You worshipped the Shining One.
The Shining One was most pleased with you.
You were not hungry.

You visited 2 branches of the dungeon, and saw 10 of its levels.

You collected 580 gold pieces.
You spent 63 gold pieces at shops.

Inventory:

Hand Weapons
 h - a +4 flail of holy wrath (weapon)
 j - a +0 short sword
 o - a +1 spear of piercing
 C - a +0 greatsling
 R - a +3 hand axe
Missiles
 d - 23 bolts (quivered)
 y - 133 arrows
 N - 12 needles of slowing
 T - 18 silver sling bullets
 W - 4 arrows of flame
Armour
 c - a +0 shield (worn)
 q - a troll hide
 P - a +0 centaur barding
 V - a +1 plate armour (worn)
Jewellery
 p - a ring of loudness (left hand)
 r - an uncursed ring of protection from magic {unknown}
 t - a ring of fire (right hand)
 v - an uncursed amulet of rage
 H - an amulet of the gourmand (around neck)
 S - an uncursed ring of stealth {unknown}
Wands
 B - a wand of magic darts (19)
 L - a wand of magic darts (27)
 M - a wand of frost (42)
 Q - a wand of confusion (18)
Scrolls
 b - a scroll of random uselessness {unknown}
 k - a scroll of acquirement {unknown}
 n - 4 scrolls of remove curse
 u - a scroll of noise {unknown}
 w - 2 scrolls of teleportation
 G - 2 scrolls of fog {unknown}
 I - 2 scrolls of recharging
 J - 3 scrolls of magic mapping {unknown}
 K - a scroll of immolation {unknown}
 X - a scroll of enchant weapon {unknown}
 Z - a scroll of amnesia {unknown}
Potions
 i - 2 potions of lignification
 m - a potion of mutation
 U - 3 potions of cancellation {unknown}
Books
 a - a book of the Warp

   Spells                             Type                      Level
   a - Recall                         Summoning/Translocation      3
   b - Gell's Gravitas                Hexes/Translocation          3
   c - Force Lance                    Conjuration/Translocation    4
   d - Phase Shift                    Translocation                5
   e - Warp Weapon                    Charms/Translocation         5
   f - Summon Forest                  Summoning/Translocation      5
 z - a book of Alchemy

   Spells                             Type                      Level
   a - Sublimation of Blood           Necromancy                   2
   b - Ignite Poison                  Fire/Transmutation/Poison    3
   c - Alistair's Intoxication        Transmutation/Poison         4
   d - Condensation Shield            Ice                          4
   e - Petrify                        Transmutation/Earth          4
   f - Irradiate                      Conjuration/Transmutation    5
 Y - Sif Muna's Catalogue of Mutagenic Curses
   (You found it on level 9 of the Dungeon)

   Spells                             Type                      Level
   a - Beastly Appendage              Transmutation                1
   b - Irradiate                      Conjuration/Transmutation    5
   c - Mass Confusion                 Hexes                        6
   d - Discord                        Hexes                        8
Comestibles
 e - 4 bread rations
 g - 2 beef jerkies
 O - 27 fruits


   Skills:
 + Level 9.0 Fighting
 + Level 3.3(7.3) Axes
 + Level 8.3(8.5) Maces & Flails
 + Level 1.3(2.2) Polearms
 + Level 2.4 Throwing
 + Level 9.9 Armour
 + Level 3.4 Dodging
 + Level 1.7 Stealth
 + Level 9.1 Shields
 + Level 0.2 Evocations


You had 6 spell levels left.
You knew the following spells:

 Your Spells              Type           Power        Failure   Level  Hunger
a - Petrify               Trmt/Erth      #.......     100%        4    #####..


Dungeon Overview and Level Annotations

Branches:
Dungeon (9/15)               Lair (1/8) D:8             Orc (0/4) D:9
 Temple: D:4-7

Altars:
Cheibriados
Dithmenos
Elyvilon
Kikubaaqudgha
Nemelex Xobeh
Trog
Yredelemnul
The Shining One

Shops:
D:4 %   D:7 [

Annotations:
D:6 exclusion: oklob plant


Message History

* * * LOW HITPOINT WARNING * * *
You feel sick. You block the water moccasin's attack.
The spiny frog misses you.
* * * LOW HITPOINT WARNING * * *
You feel sick.
Things that are here:
a sheep skeleton x2 a river rat skeleton
* * * LOW HITPOINT WARNING * * *
You feel sick. The water moccasin closely misses you.
There is a staircase back to the Dungeon here.
The Shining One protects you from harm! You block the water moccasin's attack.
You climb upwards.
Welcome back to the Dungeon!
* * * LOW HITPOINT WARNING * * *
You feel sick.
There is a staircase to the Lair here.
You sock the water moccasin!
The water moccasin is heavily wounded.
You die...

..######.....#
.............#
#########....####
# #.......# ##
#...###.## .##
#.### #..# ..#
#.# ##.# ..## #.#
#S# ...# #.# #@#
...### #.# ###
.#...# #.# .###.#
#.# ##
#.####.#####
#..........#
###........#
#.......>#
#........#


You could see a water moccasin.

Vanquished Creatures
  A spiny frog (Lair:1)
  A troll (D:9)
  A two-headed ogre (D:8)
  A blink frog (Lair:1)
  A basilisk (Lair:1)
  6 yaks (D:9)
  A hungry ghost (D:8)
  A steam dragon (D:8)
  A hippogriff (D:8)
  A porcupine (Lair:1)
  Duvessa (D:7)
  2 orc warriors
  4 ice beasts
  A black bear (D:8)
  A sky beast (D:5)
  7 ogres
  2 phantoms
  3 big kobolds
  6 centaurs
  4 giant frogs
  Dowan (D:7)
  4 killer bees (D:7)
  4 scorpions
  7 wights (D:6)
  2 crimson imps
  A hound (D:8)
  2 jellies
  5 orc priests
  3 iguanas
  A giant frog skeleton (D:6)
  2 quasits
  2 centaur skeletons (D:9)
  Jessica (D:2)
  Terence (D:3)
  5 sheep
  10 worker ants
  3 hound skeletons
  6 river rats (Lair:1)
  17 adders
  7 gnolls (D:7)
  A shadow imp (D:8)
  An ooze (D:3)
  An adder skeleton (D:4)
  An adder zombie (D:8)
  2 worms
  11 giant geckos
  20 orcs
  4 bats
  7 giant cockroaches
  12 goblins
  9 hobgoblins
  14 jackals
  4 quokkas
  2 ball pythons
  A giant gecko skeleton (D:9)
  A giant gecko zombie (D:5)
  A giant newt (D:5)
  22 kobolds
  8 rats
252 creatures vanquished.

Vanquished Creatures (others)
  4 wights (D:7)
  An iguana (D:7)
  A quokka (D:7)
6 creatures vanquished.

Grand Total: 258 creatures vanquished

Notes
Turn   | Place    | Note
--------------------------------------------------------------
     0 | D:1      | Quarterback16 the Hill Orc Fighter began the quest for the Orb.
     0 | D:1      | Reached XP level 1. HP: 19/19 MP: 1/1
   454 | D:1      | Reached XP level 2. HP: 18/27 MP: 2/2
   991 | D:1      | Reached XP level 3. HP: 28/33 MP: 3/3
  1493 | D:1      | Reached skill level 4 in Armour
  2235 | D:2      | Reached XP level 4. HP: 38/40 MP: 4/4
  2446 | D:2      | Reached skill level 1 in Dodging
  2721 | D:2      | Noticed Jessica
  2735 | D:2      | Killed Jessica
  2735 | D:2      | Reached skill level 1 in Polearms
  2760 | D:2      | Found a shadowy altar of Dithmenos.
  3195 | D:2      | Reached XP level 5. HP: 44/46 MP: 5/5
  3342 | D:3      | Found a faded altar to an unknown god.
  3367 | D:3      | Reached skill level 1 in Throwing
  4431 | D:3      | Noticed Terence
  4443 | D:3      | Killed Terence
  4443 | D:3      | Reached XP level 6. HP: 33/52 MP: 6/6
  5009 | D:4      | Learned a level 4 spell: Petrify
  5955 | D:4      | Found a sparkling altar of Nemelex Xobeh.
  6265 | D:4      | Reached skill level 5 in Armour
  6466 | D:4      | Found Yqedawos's Food Emporium.
  6477 | D:4      | Bought 3 fruits for 63 gold pieces
  6857 | D:4      | Reached XP level 7. HP: 40/59 MP: 7/7
  7291 | D:5      | Entered Level 5 of the Dungeon
  7327 | D:5      | Reached skill level 1 in Maces & Flails
  7327 | D:5      | Reached skill level 5 in Shields
  7606 | D:5      | Found an ancient bone altar of Kikubaaqudgha.
  7682 | D:5      | Reached skill level 1 in Stealth
  8166 | D:5      | Reached skill level 6 in Armour
  8728 | D:5      | Found a bloodstained altar of Trog.
  8728 | D:5      | Found a glowing golden altar of the Shining One.
  8729 | D:5      | Found a basalt altar of Yredelemnul.
  8791 | D:5      | Became a worshipper of the Shining One
  9162 | D:5      | Reached XP level 8. HP: 49/67 MP: 8/8
  9403 | D:5      | Reached skill level 5 in Fighting
  9581 | D:6      | Noticed an oklob plant
  9816 | D:6      | Found a snail-covered altar of Cheibriados.
 10368 | D:6      | Reached skill level 7 in Armour
 10550 | D:6      | Reached XP level 9. HP: 72/75 MP: 9/9
 10586 | D:6      | Reached * piety under the Shining One
 11449 | D:6      | Found a bloodstained altar of Trog.
 11648 | D:7      | Found Luip's Antique Armour Shoppe.
 11804 | D:7      | Reached skill level 5 in Maces & Flails
 12258 | D:7      | Reached skill level 8 in Armour
 12269 | D:7      | Noticed Dowan
 12277 | D:7      | Noticed Duvessa
 12762 | D:7      | Killed Dowan
 12767 | D:7      | Killed Duvessa
 13285 | D:8      | Reached XP level 10. HP: 63/86 MP: 10/10
 13437 | D:8      | Reached ** piety under the Shining One
 13447 | D:8      | Found a white marble altar of Elyvilon.
 14172 | D:8      | Found a staircase to the Lair.
 14578 | D:9      | Identified Sif Muna's Catalogue of Mutagenic Curses
 14704 | D:8      | Reached skill level 9 in Armour
 16680 | D:9      | Found a staircase to the Orcish Mines.
 16680 | D:9      | Reached *** piety under the Shining One
 16819 | Lair:1   | Entered Level 1 of the Lair of Beasts
 17294 | Lair:1   | Reached XP level 11. HP: 53/95 MP: 11/11
 17303 | Lair:1   | HP: 3/97 [poisoned by a spiny frog]
 17305 | Lair:1   | The Shining One protects you from harm!
 17307 | D:8      | Succumbed to a spiny frog's poison

Action                   |  1- 3 |  4- 6 |  7- 9 | 10-12 || total
-------------------------+-------+-------+-------+-------++-------
Melee: War axe           |    42 |    38 |       |       ||    80
       Spear             |    92 |    72 |       |       ||   164
       Flail             |       |    67 |   313 |   277 ||   657
 Fire: Blowgun           |       |     2 |       |       ||     2
Throw: Stone             |    48 |    32 |    29 |       ||   109
       Tomahawk          |       |       |     8 |       ||     8
 Abil: Evoke Berserk Rag |       |     1 |       |       ||     1
Evoke: Wand              |       |       |     1 |       ||     1
  Use: Potion            |     1 |     1 |     6 |     6 ||    14
       Scroll            |     1 |    10 |    10 |     3 ||    24
  Eat: Chunk             |     3 |     8 |    19 |     9 ||    39
       Meat ration       |     1 |     1 |       |       ||     2
       Bread ration      |       |     1 |       |       ||     1
       Pizza             |       |       |       |     1 ||     1
       Beef jerky        |       |       |       |     1 ||     1
